 Dungeon Crawl Stone Soup version 0.18-a0-1628-g61c6396 (webtiles) character file.

78 dohliylev the Sneak (level 4, -1/34 HPs)
             Began as a Vampire Assassin on Mar 25, 2016.
             Killed by divine providence
             ... invoked by an orc priest
              (11 damage)
             ... on level 3 of the Dungeon.
             The game lasted 00:06:11 (1584 turns).

dohliylev the Sneak (Vampire Assassin)              Turns: 1584, Time: 00:06:12

Health: -1/34      AC:  0    Str: 10    XL:     4   Next: 15%
Magic:  2/4        EV: 21    Int: 13    God:
Gold:   61         SH:  0    Dex: 21    Spells: 0 memorised, 3 levels left

rFire  . . .     SeeInvis +     (weapon currently unavailable)
rCold  + . .     Gourm    .     (armour currently unavailable)
rNeg   + + .     Faith    .     (shield currently unavailable)
rPois  +         Spirit   .     (helmet currently unavailable)
rElec  .         Dismiss  .     (cloak currently unavailable)
rCorr  .         Reflect  .     (gloves currently unavailable)
SustAt .         Harm     .     (boots currently unavailable)
MR     .....                    (no amulet)
Stlth  +++++.....               (ring currently unavailable)
                                (ring currently unavailable)

@: bat-form, flying, regenerating slowly, very quick, not resistant to hostile
enchantments, quite stealthy
A: fangs 3, see invisible, (unbreathing)
a: End Transformation


You were on level 3 of the Dungeon.
You were thirsty.
You were in vampire-bat-form.
You visited 1 branch of the dungeon, and saw 3 of its levels.

You collected 61 gold pieces.

Inventory:

Hand Weapons
 a - a +2 dagger (melded)
 b - a +0 blowgun
Missiles
 e - 8 poisoned needles
 f - 2 curare-tipped needles
 j - 10 tomahawks (quivered)
Armour
 c - a +0 robe (melded)
 d - a +0 cloak (melded)
 i - a +0 shield
Jewellery
 s - a +1 ring of evasion (melded)
Scrolls
 h - 4 scrolls of magic mapping {unknown}
 k - a scroll of enchant armour {unknown}
 l - 2 scrolls of remove curse {unknown}
 m - a scroll of random uselessness {unknown}
 n - 6 scrolls of identify {unknown}
 o - 5 scrolls of noise {unknown}
 r - 2 scrolls of teleportation {unknown}
Potions
 g - 26 potions of blood
 p - a potion of flight {unknown}
 q - a potion of agility {unknown}
 t - a potion of might {unknown}
 u - a potion of magic {unknown}
 v - 3 potions of degeneration {unknown}
 w - a potion of lignification {unknown}


   Skills:
 + Level 2.3 Fighting
 + Level 2.4 Short Blades
 + Level 1.5 Throwing
 + Level 2.5 Dodging
 * Level 7.2 Stealth


You had 3 spell levels left.
You didn't know any spells.

Dungeon Overview and Level Annotations

Branches:
Dungeon (3/15)

Altars:


Innate Abilities, Weirdness & Mutations

You heal slowly.
You have razor-sharp teeth.
You have supernaturally acute eyesight.
((You can survive without breathing.))


Message History

The helpless orc fails to defend itself.
You bite the orc, and draw its blood!
You are feeling thirsty.
You impale the orc!!
You kill the orc!
The orc priest shouts!
The orc priest mumbles some strange prayers to Beogh against you.
Beogh smites you!
Wield which item (- for none, * to show all)? (? for menu, Esc to quit)
Okay, then.
You turn into a vampire bat.
Your +2 dagger melds into your body.
Your +0 cloak melds into your body.
Your +0 robe melds into your body.
Your +1 ring of evasion melds into your body.
The orc priest calls down the wrath of Beogh upon you.
Beogh smites you!
* * * LOW HITPOINT WARNING * * *
The orc priest looks braver for a moment.
The orc priest mumbles some strange prayers to Beogh against you.
Beogh smites you!
You die...

#...........#
#.#########.#
####'###
#.###
.......#
#...#
###....#
###.# #....#
#.# #....#
#.# #....#
#.# ######
#b# #.# #.#
#o# #.# ####
#o# ...+ ..#
#### ###


You could see 2 orc priests.

Vanquished Creatures
  An ooze (D:3)
  3 worms (D:2)
  A dart slug (D:1)
  6 orcs (D:3)
  2 ball pythons
  2 giant cockroaches
  5 goblins
  6 hobgoblins
  8 jackals
  6 kobolds
  A quokka (D:2)
  4 bats
  3 giant newts
  4 rats
52 creatures vanquished.

Notes
Turn   | Place    | Note
--------------------------------------------------------------
     0 | D:1      | dohliylev the Vampire Assassin began the quest for the Orb.
     0 | D:1      | Reached XP level 1. HP: 16/16 MP: 1/1
    28 | D:1      | Reached skill level 6 in Stealth
   147 | D:1      | Reached XP level 2. HP: 11/22 MP: 2/2
   663 | D:2      | Reached XP level 3. HP: 27/27 MP: 3/3
  1334 | D:3      | Reached skill level 7 in Stealth
  1441 | D:3      | Reached XP level 4. HP: 25/34 MP: 4/4
  1584 | D:3      | Killed from afar by an orc priest

Vault maps used:
D:1:      saegor_arrival_miasma
D:2:      first_bread
D:3:      eino_curves_04

Skill      XL: |  1  2  3 |
---------------+----------+-----
Stealth        | 6 7 |  7.2
Fighting       | 2 |  2.3
Dodging        | 2 |  2.5
Short Blades   | |  2.4
Throwing       | |  1.5

Action                   |  1- 3 |  4- 6 || total
-------------------------+-------+-------++-------
Melee: Dagger            |   162 |     6 ||   168
 Fire: Blowgun           |     1 |       ||     1
 Abil: Bat Form          |       |     1 ||     1
 Stab: Sleeping          |    14 |     2 ||    16
